 Dungeon Crawl Stone Soup version 0.17-a0-1763-g847a857 (webtiles) character file.

115 Medved the Chiller (level 4, -1/27 HPs)
             Began as a High Elf Ice Elementalist on Sept 5, 2015.
             Slain by a giant newt (2 damage)
             ... in a sewer.
             The game lasted 00:06:27 (2191 turns).

Medved the Chiller (High Elf Ice Elementalist)      Turns: 2191, Time: 00:06:27

Health: -1/27      AC:  2    Str:  7    XL:     4   Next: 68%
Magic:  0/9        EV: 13    Int: 24    God:
Gold:   122        SH:  0    Dex: 16    Spells: 1 memorised, 8 levels left

rFire  . . .     SeeInvis .     r - +8 club
rCold  . . .     Clarity  .     f - +0 robe (curse)
rNeg   . . .     SustAt   .     (no shield)
rPois  .         Gourm    .     (no helmet)
rElec  .         Spirit   .     (no cloak)
rCorr  .         Warding  .     (no gloves)
rMut   .         Stasis   .     (no boots)
MR     .....                    (no amulet)
Stlth  ++........               (no ring)
                                (no ring)

@: brilliant, very slightly contaminated, invisible, not resistant to hostile
enchantments, unstealthy
A: no striking features
a: no special abilities


You were in a sewer.
You were not hungry.

You visited 1 branch of the dungeon, and saw 3 of its levels.
You also visited: Sewer.

You collected 122 gold pieces.

Inventory:

Hand weapons
 r - a +8 club (weapon)
Armour
 a - a +0 robe
 f - a cursed +0 robe (worn)
 q - a +0 robe
Jewellery
 l - an uncursed ring of magical power {unknown}
Scrolls
 g - a scroll of magic mapping
 h - 2 scrolls of identify {unknown}
 j - a scroll of blinking {unknown}
 k - a scroll of amnesia {unknown}
 m - a scroll of remove curse {unknown}
Potions
 e - 3 potions of brilliance
 n - a potion of might
Books
 b - a book of Frost

   Spells                             Type                      Level
   a - Freeze                         Ice                          1
   b - Throw Frost                    Conjuration/Ice              2
   c - Ozocubu's Armour               Charms/Ice                   3
   d - Throw Icicle                   Conjuration/Ice              4
   e - Summon Ice Beast               Ice/Summoning                4
   f - Condensation Shield            Ice                          4
Comestibles
 c - 5 bread rations
 i - a beef jerky
 o - 4 fruits
 p - a chunk of flesh


   Skills:
 + Level 2.4 Dodging
 + Level 2.6 Stealth
 + Level 3.2 Spellcasting
   Level 1.1 Conjurations
 * Level 4.8 Ice Magic


You had 8 spell levels left.
You knew the following spells:

 Your Spells              Type           Power        Failure   Level  Hunger
a - Freeze                Ice            ####         1%          1    None


Dungeon Overview and Level Annotations

Branches:
Dungeon (3/15)

Altars:
Sif Muna


Message History

The worm bites you!
* * * LOW HITPOINT WARNING * * *
The giant newt closely misses you.
Casting: Freeze
Confirm with . or Enter, or press ? or * to list all spells.
Aiming: Freeze
Press: ? - help, Shift-Dir - straight line, f - giant newt, p - worm
Aim: a giant newt You freeze the giant newt.
The giant newt seems to slow down.
The giant newt is severely wounded.
The giant newt bites you.
* * * LOW HITPOINT WARNING * * *
It was a potion of brilliance.
You feel clever all of a sudden. The giant newt completely misses you.
The giant newt closely misses you.
It was a potion of invisibility.
You fade into invisibility!
The giant newt is no longer moving slowly.
The giant newt misses you. The giant newt bites you.
You die...

≈≈≈≈≈
#.≈≈#
#.≈.#
#≈..
##..#
#...#
#..#
##@.##
##wll.#
#...∩.##
#......#
#.....∩#
##....##
##...#
#####


You could see a worm and 2 giant newts.

Vanquished Creatures
  Jessica (D:3)
  A river rat (D:3)
  2 adders (D:1)
  An ooze (Sewer)
  3 worms (D:2)
  3 giant geckos (D:1)
  5 bats
  5 giant cockroaches
  5 goblins (D:1)
  5 hobgoblins
  2 jackals (D:2)
  A quokka (D:2)
  4 giant newts
  6 kobolds
  2 rats
46 creatures vanquished.

Notes
Turn   | Place    | Note
--------------------------------------------------------------
     0 | D:1      | Medved the High Elf Ice Elementalist began the quest for the Orb.
     0 | D:1      | Reached XP level 1. HP: 11/11 MP: 4/4
   400 | D:1      | Reached XP level 2. HP: 17/17 MP: 2/6
  1067 | D:1      | Reached skill level 4 in Ice Magic
  1067 | D:1      | Reached XP level 3. HP: 11/21 MP: 3/7
  1421 | D:2      | Found a deep blue altar of Sif Muna.
  1850 | D:2      | Reached XP level 4. HP: 27/27 MP: 7/9
  2096 | D:3      | Noticed Jessica
  2104 | D:3      | Killed Jessica
  2161 | D:3      | Found a glowing drain.
  2165 | Sewer    | Entered a sewer
  2184 | Sewer    | HP: 1/27 [worm (7)]
  2189 | Sewer    | HP: 1/27 [giant newt (1)]
  2191 | Sewer    | Slain by a giant newt

Vault maps used:
D:1:      erik_arrival_blinker_ship, minivault_19, grunt_decor_fettered,
          minmay_stone_trees_small
D:2:      lemuel_crystal_altar
D:3:      serial_forest, infiniplex_forest_lined_3,
          infiniplex_forest_straight_2, infiniplex_forest_zigzag_2,
          infiniplex_forest_clump_medium, infiniplex_forest_fountain,
          infiniplex_forest_corner_2, gup_sewer_entry_bowl, uniq_iyjb,
          uniq_jessica
Sewer:    sewer_fruit_machine

Action                   |  1- 3 |  4- 6 || total
-------------------------+-------+-------++-------
Melee: Unarmed           |    10 |       ||    10
 Cast: Freeze            |    63 |    18 ||    81
  Use: Potion            |       |     2 ||     2
       Scroll            |       |     1 ||     1
  Eat: Chunk             |     3 |     1 ||     4
